 Dungeon Crawl Stone Soup version 0.17-a0-2147-gfb20a63 (webtiles) character file.

107 4thArraOfDagon the Insei (level 4, -2/37 HPs)
             Began as a Demonspawn Monk on Oct 24, 2015.
             Was a Believer of Makhleb.
             Slain by an unseen horror (7 damage)
             ... on level 6 of the Dungeon.
             The game lasted 00:05:21 (1210 turns).

4thArraOfDagon the Insei (Demonspawn Monk)          Turns: 1210, Time: 00:05:21

Health: -2/37      AC:  7    Str: 16    XL:     4   Next: 57%
Magic:  0/4        EV: 12    Int: 12    God:    Makhleb [**....]
Gold:   126        SH:  0    Dex: 16    Spells: 0 memorised, 3 levels left

rFire  . . .     SeeInvis .       - Unarmed
rCold  . . .     Clarity  .     c - +0 ring mail
rNeg   . . .     SustAt   .     (no shield)
rPois  .         Gourm    .     (no helmet)
rElec  .         Spirit   +     (no cloak)
rCorr  .         Warding  .     (no gloves)
rMut   .         Stasis   .     (no boots)
MR     .....                    (no amulet)
Stlth  ++........               i - ring of stealth
                                d - ring of wizardry

@: mighty, exhausted, slowed, drained, very slow, not resistant to hostile
enchantments, unstealthy
A: claws 1, thin metallic scales 1, magic shield
a: Minor Destruction, Renounce Religion


You were on level 6 of the Dungeon.
You worshipped Makhleb.
Makhleb was pleased with you.
You were not hungry.

You visited 1 branch of the dungeon, and saw 6 of its levels.

You collected 126 gold pieces.

Inventory:

Armour
 c - a +0 ring mail (worn)
Jewellery
 d - a ring of wizardry (left claw)
 i - a ring of stealth (right claw)
Scrolls
 e - a scroll of immolation {unknown}
 f - a scroll of remove curse {unknown}
 h - 2 scrolls of fear
Comestibles
 b - 3 bread rations
 g - 2 royal jellies
 k - 2 beef jerkies
 l - 3 chunks of flesh


   Skills:
 + Level 3.8 Fighting
 + Level 3.2 Dodging
 - Level 1.7 Stealth
 * Level 4.6 Unarmed Combat


You had 3 spell levels left.
You didn't know any spells.

Dungeon Overview and Level Annotations

Branches:
Dungeon (6/15)
 Temple: D:4-7

Altars:
Makhleb
Sif Muna
Xom


Innate Abilities, Weirdness & Mutations

You have sharp fingernails.
You are partially covered in thin metallic scales (AC +2).
When hurt, damage is shared between your health and your magic reserves.


Message History

You scratch something. Something hits you but does no damage.
The crimson imp hits you but does no damage.
You swing at nothing.
You are no longer berserk.
You are exhausted.
You feel yourself slow down. Something hits you.
* * * LOW HITPOINT WARNING * * *
Unknown command.
Drink which item? (? for menu, Esc to quit)
It was a potion of might.
You feel very mighty all of a sudden.
You hear the brisk rusting of a very distant drain.
Something hits you but does no damage.
The crimson imp hits you but does no damage.
The crimson imp barely misses you.
Unknown command.
Unknown command.
You swing at nothing.
Something hits you but does no damage. The crimson imp barely misses you.
You swing at nothing.
Something hits you!
You die...

...............#
...............#
..............##
..............#
...........##.#
..........###.##
........### #..#
### .......##
##.####...##
########
#.#@5.....#
##.).......#
#..........#
#..........#
#...........#
#..........##
#..........#
#..........#
##........##


You could see a crimson imp.

Vanquished Creatures
  A wight (D:6)
  A hound skeleton (D:6)
  An adder (D:5)
  An ooze (D:3)
  An adder skeleton (D:4)
  2 orcs
  2 hobgoblins
  6 jackals
  A quokka (D:2)
  2 bats
  4 giant cockroaches
  A giant newt (D:2)
  6 goblins
  3 kobolds
  2 rats (D:3)
34 creatures vanquished.

Notes
Turn   | Place    | Note
--------------------------------------------------------------
     0 | D:1      | 4thArraOfDagon the Demonspawn Monk began the quest for the Orb.
     0 | D:1      | Reached XP level 1. HP: 18/18 MP: 1/1
   158 | D:2      | Gained mutation: You have sharp fingernails. [demonic ancestry]
   158 | D:2      | Reached XP level 2. HP: 6/24 MP: 2/2
   358 | D:3      | Reached skill level 4 in Unarmed Combat
   571 | D:3      | Found a shimmering altar of Xom.
   601 | D:4      | Gained mutation: When hurt, damage is shared between your health and your magic reserves. [demonic ancestry]
   601 | D:4      | Reached XP level 3. HP: 19/29 MP: 3/3
   676 | D:2      | Found a burning altar of Makhleb.
   676 | D:2      | Found a deep blue altar of Sif Muna.
   679 | D:2      | Became a worshipper of Makhleb the Destroyer
   679 | D:2      | Reached * piety under Makhleb
   679 | D:2      | Reached ** piety under Makhleb
   790 | D:5      | Entered Level 5 of the Dungeon
   956 | D:5      | Noticed a sky beast
  1161 | D:5      | Noticed a centaur
  1173 | D:6      | WTF
  1198 | D:6      | Gained mutation: You are partially covered in thin metallic scales (AC +2). [demonic ancestry]
  1198 | D:6      | Reached XP level 4. HP: 34/37 MP: 4/4
  1210 | D:6      | Slain by an unseen horror

Vault maps used:
D:1:      scummos_arrival_forest, minmay_crystal_water, st_stairs_12,
          minmay_hedge_maze
D:2:      gammafunk_temple_overflow_elements, uniq_iyjb
D:3:      yredelemnul_altar_generic, lemuel_coloured_pillars_altar,
          nrook_mini_vaults
D:4:      lemuel_crystal_altar, lemuel_crystal_altar,
          minmay_temple_entry_overgrown, first_bread
D:5:      kennysheep_steamy, elyvilon_altar_1, basic_altar, serial_shops,
          nicolae_shop_trees, kennysheep_windowed_goal
D:6:      nicolae_ru_awakened_eye, portal_sewer_entry_e, serial_shops,
          nicolae_shop_trees

Action                   |  1- 3 |  4- 6 || total
-------------------------+-------+-------++-------
Melee: Unarmed           |   152 |     4 ||   156
  Use: Potion            |     4 |     1 ||     5
       Scroll            |     3 |       ||     3
 Stab: Sleeping          |     1 |       ||     1
  Eat: Chunk             |     2 |       ||     2
